 Dungeon Crawl Stone Soup version 0.27.1-4-g1640c2035a (webtiles) character file.

Game seed: 12195327542088934792

35 ChickenMitten the Sneak (level 3, -3/33 HPs)
             Began as a Minotaur Delver on Nov 1, 2021.
             Slain by a water moccasin zombie (5 damage)
             ... on level 5 of the Dungeon.
             The game lasted 00:01:04 (854 turns).

ChickenMitten the Sneak (Minotaur Delver)            Turns: 854, Time: 00:01:04

Health: -3/33      AC:  4    Str: 17    XL:     3   Next: 16%
Magic:  2/2        EV: 12    Int:  7    God:
Gold:   74         SH:  0    Dex: 11    Spells: 2/2 levels left

rFire    . . .     SeeInvis .   a - +0 hand axe
rCold    . . .     Faith    .   (no shield)
rNeg     . . .     Spirit   .   j - +0 leather armour of the Pit {rElec}
rPois    .         Reflect  .   (helmet restricted)
rElec    +         Harm     .   (no cloak)
rCorr    .         Rampage  .   o - +0 pair of gloves
Will     .....                  (no boots)
Stlth    ++........             (no amulet)
HPRegen  0.11/turn              (no ring)
MPRegen  0.08/turn              (no ring)

@: no status effects
A: horns 2, retaliatory headbutt
a: no special abilities


You were on level 5 of the Dungeon.
You visited 1 branch of the dungeon, and saw 1 of its levels.

You collected 74 gold pieces.

Inventory:

Hand Weapons
 a - a +0 hand axe (weapon)
Armour
 b - a +0 leather armour
 j - the +0 leather armour of the Pit (worn) {rElec}
   (You found it on level 5 of the Dungeon)

   rElec:     It insulates you from electricity.
 o - a +0 pair of gloves (worn)
Wands
 g - a wand of digging (3)
 h - a wand of polymorph (9)
 k - a wand of paralysis (9)
Scrolls
 c - a scroll of fog
 d - a scroll of magic mapping
 e - a scroll of fear
 i - a scroll of identify {unknown}
 l - a scroll of teleportation {unknown}
 n - a scroll of enchant weapon {unknown}
Potions
 f - a potion of haste
 m - 2 potions of invisibility {unknown}


   Skills:
 + Level 3.9 Fighting
 + Level 2.5 Axes
 + Level 0.6 Armour
 + Level 2.3 Dodging
 + Level 4.7 Stealth


You had 2 spell levels left.
You didn't know any spells.
Your spell library contained the following spells:

 Spells                   Type           Power      Damage    Failure   Level
 Sublimation of Blood     Necr           0%         N/A       63%         2
 Olgreb's Toxic Radiance  Pois           0%         N/A       99%         4
 Petrify                  Tmut/Erth      0%         N/A       99%         4
 Irradiate                Conj/Tmut      0%         3d13      100%        5
 Ozocubu's Refrigeration  Ice            0%         4d5       100%        7
 Ignition                 Fire           0%         3d3       100%        8


Dungeon Overview and Level Annotations

Branches:
Dungeon (5/15)
 Temple: D:4-7

Altars:


Innate Abilities, Weirdness & Mutations

You have a pair of horns on your head.
You reflexively headbutt those who attack you in melee.


Message History

The water moccasin zombie is lightly damaged.
The water moccasin zombie barely misses you.
The water moccasin zombie bites you.
You closely miss the water moccasin zombie.
You headbutt the water moccasin zombie.
The water moccasin zombie is moderately damaged.
The water moccasin zombie bites you but does no damage.
You hit the water moccasin zombie.
You headbutt the water moccasin zombie, but do no damage.
The water moccasin zombie is moderately damaged.
The water moccasin zombie bites you.
The water moccasin zombie closely misses you.
You furiously retaliate!
You headbutt the water moccasin zombie.
You barely miss the water moccasin zombie.
The water moccasin zombie is heavily damaged.
The water moccasin zombie barely misses you.
You hit the water moccasin zombie. You headbutt the water moccasin zombie.
The water moccasin zombie is severely damaged.
The water moccasin zombie bites you but does no damage.
You slash the water moccasin zombie!
The water moccasin zombie is severely damaged.
The water moccasin zombie bites you. x2
You are too injured to fight recklessly!
You are too injured to fight recklessly!
You are too injured to fight recklessly!
You are too injured to fight recklessly!
You hit the water moccasin zombie but do no damage.
Your headbutt misses the water moccasin zombie.
The water moccasin zombie is severely damaged.
The water moccasin zombie bites you but does no damage.
You hit the water moccasin zombie.
The water moccasin zombie is almost destroyed.
The water moccasin zombie bites you.
* * * LOW HITPOINT WARNING * * *
The water moccasin zombie bites you!
* * * LOW HITPOINT WARNING * * *
You barely miss the water moccasin zombie.
The water moccasin zombie is almost destroyed.
The water moccasin zombie bites you.
You die...

.............#.....#....########
..>..........#.....#.....#......
.............#.....#.....#......
.............#.....#######......
###+#####'####.......<. #...###
....................... #.. #..
......†................ #. #..
....................... + +..
...............@Z.....( #..
.................?..... #..
#########.....##+####+# ###
#.....# #.....# #.....# #.....#
#######


You could see a water moccasin zombie.

Vanquished Creatures
  A hound (D:5)
  A dart slug (D:5)
  An orc (D:5)
3 creatures vanquished.

Notes
Turn   | Place    | Note
-------+----------+-------------------------------------------
     0 | D:5      | ChickenMitten the Minotaur Delver began the quest for the
                  | Orb.
     0 | D:5      | Reached XP level 1. HP: 19/19 MP: 0/0
    39 | D:5      | Identified the +0 leather armour of the Pit {rElec}
   606 | D:5      | Noticed a hound
   616 | D:5      | Killed a hound
   617 | D:5      | Reached XP level 2. HP: 11/27 MP: 1/1
   617 | D:5      | Reached XP level 3. HP: 14/33 MP: 2/2
   854 | D:5      | Slain by a water moccasin zombie

Illustrated notes

Levels and vault maps discovered:
D:5:      layout_gridville

Action                   || total
-------------------------++-------
Melee: Hand axe          ||    25
       Headbutt          ||     5
Armor: Leather armour    ||     6
Dodge: Dodged            ||    13
